 Dungeon Crawl Stone Soup version 0.28.0-53-g5a82cb258f (webtiles) character file.

Game seed: 7390670426892287957

559 thriggle the Chiller (level 7, -1/50 (51) HPs)
             Began as a Barachi Ice Elementalist on June 1, 2022.
             Was an Initiate of Fedhas.
             Slain by a water moccasin skeleton (2 damage)
             ... on level 6 of the Dungeon.
             The game lasted 00:26:29 (5173 turns).

thriggle the Chiller (Barachi Ice Elementalist)     Turns: 5173, Time: 00:26:30

HP:   -1/50 (51)    AC:  8    Str:  9 (12) XL:     7   Next: 31%
MP:   6/12          EV: 13    Int: 14 (15) God:    Fedhas [......]
Gold: 151           SH:  0    Dex: 16 (18) Spells: 1/12 levels left

rFire   + . .      SeeInvis .   i - +0 short sword
rCold   . . .      Faith    .   (no shield)
rNeg    . . .      Spirit   .   n - +0 leather armour
rPois   .          Reflect  .   c - +0 helmet
rElec   .          Harm     .   (no cloak)
rCorr   .          Rampage  .   (no gloves)
Will    .....                   (no boots)
Stlth   ++........              (no amulet)
HPRegen 0.16/turn               h - ring of protection from fire
MPRegen 0.13/turn               l - +6 ring of dexterity

@: ice-armoured, lightly drained, slow
A: amphibious, slowness 1, strong legs 1, +LOS
a: Hop, Renounce Religion


You were on level 6 of the Dungeon.
You worshipped Fedhas.
Fedhas was noncommittal.
You visited 1 branch of the dungeon, and saw 6 of its levels.

You collected 151 gold pieces.

Inventory:

Hand Weapons
 d - a +0 dagger
 e - a +0 dagger
 i - a +0 short sword (weapon)
Missiles
 g - 105 stones (quivered)
 m - a boomerang
 p - a poisoned dart
Armour
 a - a +0 robe
 c - a +0 helmet (worn)
 n - a +0 leather armour (worn)
Jewellery
 h - a ring of protection from fire (left hand)
 l - a +6 ring of dexterity (right hand)
Scrolls
 f - 3 scrolls of magic mapping
Potions
 b - 2 potions of curing


   Skills:
 + Level 2.9 Fighting
 + Level 2.8 Long Blades
 + Level 2.0 Throwing
 + Level 1.9 Armour
 + Level 3.6 Dodging
 + Level 3.2 Stealth
 + Level 3.3 Spellcasting
 + Level 0.4 Conjurations
 + Level 5.8 Ice Magic
 + Level 1.2 Invocations


You had one spell level left.
You knew the following spells:

 Your Spells              Type           Power      Damage    Failure   Level
a - Freeze                Ice            72%        1d9       2%          1
b - Frozen Ramparts       Ice            36%        1d5       8%          3
c - Ozocubu's Armour      Ice            18%        N/A       8%          3
d - Hailstorm             Conj/Ice       11%        3d5       58%         4

Your spell library contained the following spells:

 Spells                   Type           Power      Damage    Failure   Level


Dungeon Overview and Level Annotations

Branches:
Dungeon (6/15)
 Temple: D:4-7

Altars:
Fedhas
Hepliaklqana
Makhleb
Qazlal
Ru
Vehumet
Zin

Shops:
D:3 (


Innate Abilities, Weirdness & Mutations

You are amphibious.
You cover ground slowly.
You can hop short distances.
You have an extended range of vision and can be seen from far away.


Message History

As you read the scroll of blinking, it crumbles to dust.
There is a stone staircase leading down here.
You climb downwards.
Reactivating autopickup.
There is a stone staircase leading up, spattered with blood here.
The helpless water moccasin skeleton fails to defend itself.
You puncture the water moccasin skeleton!
The water moccasin skeleton is moderately damaged.
The water moccasin skeleton completely misses you.
The water moccasin skeleton bites you.
* * * LOW HITPOINT WARNING * * *
Casting: Freeze (safe; 2% risk of failure)
Confirm with . or Enter, or press ? or * to list all spells.
Aiming: Freeze (safe; 2% risk of failure)
Press: ? - help, Shift-Dir - straight line, f - water moccasin skeleton
Aim: a water moccasin skeleton (moderately damaged)
Okay, then.
Casting: Freeze (safe; 2% risk of failure)
Confirm with . or Enter, or press ? or * to list all spells.
A film of ice covers your body! The water moccasin skeleton bites you.
* * * LOW HITPOINT WARNING * * *
You hit the water moccasin skeleton.
The water moccasin skeleton is moderately damaged.
The water moccasin skeleton bites you.
* * * LOW HITPOINT WARNING * * *
You hit the water moccasin skeleton.
The water moccasin skeleton is heavily damaged.
The water moccasin skeleton bites you.
* * * LOW HITPOINT WARNING * * *
You hit the water moccasin skeleton but do no damage.
The water moccasin skeleton is heavily damaged.
The water moccasin skeleton closely misses you. x2
You hit the water moccasin skeleton but do no damage.
The water moccasin skeleton is heavily damaged.
The water moccasin skeleton misses you.
You closely miss the water moccasin skeleton.
The water moccasin skeleton is heavily damaged.
The water moccasin skeleton bites you.
You die...
Fedhas appreciates your contribution to the ecosystem.

#. #. .
######.### ..
....#...## ...
.......###....
#............
#..........♣.
#.Z..........
#..@<.###....
..........##
..........#
..........#
#.....##..#
###### ##..
###


You could see a water moccasin skeleton.

Vanquished Creatures
  A black bear (D:5)
  2 ogres (D:4)
  A jelly (D:4)
  An iguana (D:4)
  2 orc wizards
  Robin (D:2)
  4 gnolls (D:5)
  7 adders
  A dart slug (D:1)
  10 orcs
  5 endoplasms
  12 hobgoblins
  2 quokkas (D:2)
  6 ball pythons
  2 bats (D:1)
  5 frilled lizards
  15 goblins
  7 kobolds
  4 rats
88 creatures vanquished.

Notes
Turn   | Place    | Note
-------+----------+-------------------------------------------
     0 | D:1      | thriggle the Barachi Ice Elementalist began the quest for
                  | the Orb.
     0 | D:1      | Reached XP level 1. HP: 13/13 MP: 3/3
   146 | D:1      | Reached XP level 2. HP: 20/20 MP: 3/5
   402 | D:1      | Reached skill level 5 in Ice Magic
   529 | D:1      | Reached skill level 1 in Fighting
   715 | D:1      | Reached XP level 3. HP: 24/26 MP: 0/6
   724 | D:1      | Learned a level 3 spell: Frozen Ramparts
   744 | D:1      | Reached skill level 1 in Long Blades
  1432 | D:2      | Reached XP level 4. HP: 27/32 MP: 3/7
  1478 | D:2      | Noticed Robin
  1504 | D:2      | Learned a level 3 spell: Ozocubu's Armour
  1528 | D:2      | Killed Robin
  2327 | D:3      | Found Qixtur's Weapon Boutique.
  2388 | D:3      | Reached skill level 1 in Throwing
  2388 | D:3      | Reached XP level 5. HP: 14/38 MP: 1/9
  2608 | D:3      | Found a hazy altar of Hepliaklqana.
  3005 | D:3      | Found a sacrificial altar of Ru.
  3005 | D:3      | Found a stormy altar of Qazlal.
  3007 | D:3      | Found a glowing silver altar of Zin.
  3225 | D:4      | Found a blossoming altar of Fedhas.
  3231 | D:4      | Became a worshipper of Fedhas Madash
  3251 | D:4      | Noticed an ogre
  3273 | D:4      | Killed an ogre
  3274 | D:4      | Reached XP level 6. HP: 45/45 MP: 7/10
  3462 | D:4      | Reached skill level 1 in Armour
  3794 | D:4      | Found a radiant altar of Vehumet.
  4148 | D:4      | Reached skill level 1 in Invocations
  4407 | D:5      | Entered Level 5 of the Dungeon
  4636 | D:5      | You fall into a shaft and drop 1 floor!
  4636 | D:6      | Noticed a sky beast
  4742 | D:5      | Reached XP level 7. HP: 40/51 MP: 7/11
  4804 | D:5      | Found a burning altar of Makhleb.
  4943 | D:5      | Learned a level 4 spell: Hailstorm
  5169 | D:6      | HP: 1/50 [water moccasin skeleton (6)]
  5173 | D:6      | Slain by a water moccasin skeleton

Illustrated notes

Levels and vault maps discovered:
D:1:      ebering_trefoil_twist, layout_rooms
D:2:      layout_loops_ring, minivault_5, kennysheep_generic_room_13, uniq_robin
D:3:      layout_basic, mainiacjoe_overflow_six_doors_small,
          chequers_temple_overflow_statue_of_worship, serial_shops,
          nicolae_shop_bloodbath_and_beyond
D:4:      layout_loops_corners, mainiacjoe_overflow_tiny_flanked,
          fedhas_altar_4, chequers_mini_garden, chequers_jeans,
          minmay_misc_feat_nine_boxes, guppyfry_early_lair_pool
D:5:      layout_basic, lightli_temple_of_fire
D:6:      layout_rooms, gammafunk_ghost_grave, grunt_ministairs_6

Skill      XL: |  1  2  3  4  5  6  7 |
---------------+----------------------+-----
Stealth        | 2 3 |  3.2
Ice Magic      | 5 |  5.8
Fighting       | 1 2 |  2.9
Long Blades    | 1 2 |  2.8
Throwing       | 1 2 |  2.0
Dodging        | 3 |  3.6
Armour         | 1 |  1.9
Spellcasting   | 3 |  3.3
Invocations    | 1 |  1.2
Conjurations   | |  0.4

Action                   |  1- 3 |  4- 6 |  7- 9 || total
-------------------------+-------+-------+-------++-------
Melee: Dagger            |    23 |    70 |       ||    93
       Punch             |       |     1 |     1 ||     2
       Short sword       |       |       |    19 ||    19
Throw: Stone             |     2 |    34 |     1 ||    37
       Dart              |       |    19 |     3 ||    22
       Boomerang         |       |     1 |     1 ||     2
 Cast: Freeze            |    44 |    21 |     4 ||    69
       Frozen Ramparts   |     1 |    14 |     4 ||    19
       Ozocubu's Armour  |       |     3 |     4 ||     7
 Abil: Hop               |       |     5 |       ||     5
  Use: Scroll            |       |     5 |     2 ||     7
       Potion            |       |       |     1 ||     1
 Stab: Sleeping          |       |     9 |     1 ||    10
Armor: Robe              |     8 |    19 |       ||    27
       Leather armour    |       |     3 |     6 ||     9
Dodge: Dodged            |    21 |    43 |     8 ||    72
